 Dungeon Crawl Stone Soup version 0.31-a0-1616-gbeaec30b81 (webtiles) character file.

Game seed: 3873852522598058731

3517 MisterAzrael the Fighter (level 9, 0/82 HPs)
             Began as a Grey Draconian Shapeshifter on Jan 10, 2024.
             Was a Follower of the Shining One.
             Killed from afar by an efreet (22 damage)
             ... with a bolt of fire
             ... on level 10 of the Dungeon.
             The game lasted 00:07:39 (5751 turns).

MisterAzrael the Fighter (DrSh)                     Turns: 5751, Time: 00:07:40

Health: 0/82       AC: 12    Str: 21    XL:     9   Next: 81%
Magic:  7/9        EV: 16    Int: 10    God:    the Shining One [*.....]
Gold:   329        SH:  6    Dex: 11    Spells: 8/8 levels left

rFire   . .          .
                       - Unarmed
rCold   . . .        (shield currently unavailable)
rNeg    . . .        (body armour unavailable)
rPois   +            (helmet restricted)
rElec   .            (no cloak)
rCorr   .            (no gloves)
SInv    .            (no boots)
Will    .....        (no amulet)
Stlth   +            f - ring of poison resistance
HPRegen 0.33/turn    (no ring)
MPRegen 0.11/turn

%: no passive effects
@: divinely shielded, flux-form, glowing
A: glow, contaminating, AC +12, amphibious, unfitting armour, cold-blooded
a: Begin Untransformation, Renounce Religion, Divine Shield


You were on level 10 of the Dungeon.
You worshipped the Shining One.
The Shining One was aware of your devotion.
You were something dangerously unstable.
You visited 2 branches of the dungeon, and saw 10 of its levels.
You also visited: Sewer.

You collected 329 gold pieces.

Inventory:

Armour
 i - an orb of mayhem
Jewellery
 f - a ring of poison resistance (left hand)
 q - a ring of wizardry
Talismans
 b - a beast talisman
 c - a flux talisman (active)
 C - a blade talisman
Wands
 x - a wand of charming (10)
 B - a wand of light (4)
 E - a wand of iceblast (4)
Scrolls
 e - 6 scrolls of identify
 g - a scroll of fog {unknown}
 j - a scroll of acquirement {unknown}
 k - 2 scrolls of fear {unknown}
 l - a scroll of silence {unknown}
 m - 3 scrolls of immolation {unknown}
 n - a scroll of enchant weapon {unknown}
 p - 3 scrolls of teleportation {unknown}
 v - a scroll of noise {unknown}
 w - a scroll of enchant armour {unknown}
 y - a scroll of poison {unknown}
 A - a scroll of blinking {unknown}
 D - a scroll of amnesia {unknown}
Potions
 a - 2 potions of enlightenment {unknown}
 d - 2 potions of curing
 o - a potion of might {unknown}
 r - a potion of mutation {unknown}
 s - 2 potions of resistance {unknown}
 t - a potion of haste {unknown}
 z - a potion of cancellation {unknown}


   Skills:
 + Level 8.6 Fighting
 - Level 2.0 Dodging
 + Level 8.4 Unarmed Combat
 * Level 8.5 Shapeshifting


You had 8 spell levels left.
You didn't know any spells.
Your spell library contained the following spells:

 Spells                   Type           Power      Damage    Failure   Level
 Summon Small Mammal      Summ           0%         N/A       36%         1
 Call Canine Familiar     Summ           0%         N/A       75%         3
 Inner Flame              Hex/Fire       0%         N/A       75%         3
 Tukima's Dance           Hex            0%         N/A       75%         3
 Passage of Golubria      Tloc           0%         N/A       98%         4
 Summon Blazeheart Golem  Fire/Summ      0%         N/A       98%         4
 Irradiate                Conj/Alch      0%         3d11      100%        5
 Yara's Violent Unravell  Hex/Alch       0%         3d3       100%        5
 Ignition                 Fire           0%         3d3       100%        8


Dungeon Overview and Level Annotations

Branches:
Dungeon (11/15)            Temple (1/1) D:5           Sewer (visited)
   Lair: D:8-11         Orc: D:9-12

Altars:
Ashenzari
Cheibriados
Elyvilon
Fedhas
Gozag
Hepliaklqana
Kikubaaqudgha
Makhleb
Nemelex Xobeh
Qazlal
Ru
Trog
Uskayaw
Vehumet
Wu Jian
Xom
Yredelemnul
Zin
The Shining One

Shops:
D:5 [[(   D:6 *

Annotations:
D:7 3 runed translucent doors


Innate Abilities, Weirdness & Mutations

You are something dangerously unstable.
You glow with magical radiation, making you easy to see and hit.
Foes you strike become dangerously contaminated with magical radiation.
You are incapable of wielding weapons or throwing items.
Your dull iron-grey scales are very hard. (AC +12)
You are amphibious.
You cannot fit into any form of body armour.
You are cold-blooded and may be slowed by cold attacks.


Message History

The centaur warrior hits you but does no damage.
The centaur warrior closely misses you.
You barely miss the centaur warrior.
Your tail-slap misses the centaur warrior.
The centaur warrior is severely wounded.
You block the centaur warrior's attack.
The centaur warrior kicks you but does no damage.
You hit the centaur warrior.
The centaur warrior begins to glow.
You tail-slap the centaur warrior, but do no damage.
The centaur warrior is severely wounded.
The centaur warrior hits you.
* * * LOW HITPOINT WARNING * * *
The centaur warrior kicks you but does no damage.
The centaur warrior hits you.
* * * LOW HITPOINT WARNING * * *
The centaur warrior kicks you but does no damage.
You punch the centaur warrior!
The centaur warrior glows dangerously bright.
You tail-slap the centaur warrior.
The centaur warrior is almost dead.
You block the centaur warrior's attack. The centaur warrior misses you.
You hit the centaur warrior.
You kill the centaur warrior!
The orc throws a boomerang.
The boomerang misses you.
Your Shapeshifting skill increases to level 8!
An efreet comes into view.
It is wielding a +4 quarterstaff of speed, wearing the ring "Lifynats" {EV+5 Stlth+} and carrying a wand of polymorph.
There is an open door, spattered with blood here.
Things that are here:
a +0 arbalest; a centaur corpse You hit the orc but do no damage.
The orc begins to glow.
The orc barely misses you.
You hit the orc.
The orc glows dangerously bright.
The orc is lightly wounded.
You block the orc's attack.
The orc throws a boomerang.
You block the boomerang. The efreet gestures at you.
The bolt of fire hits the orc!!
The orc dies!
The bolt of fire hits you!!
You die...

....... .......
.......#####
.......#...#
.......#...#
.......#.)#######
°○.....#.)##....#
..☼R..))p....)..#
......$#....))..#
#.......######'####
#..........g......#
#...........og....#
#..........o......#
#.....)...........#
#.................#
#..$.............!#


You could see an efreet.

Vanquished Creatures
  A centaur warrior (D:10)
  Jeremiah (D:6)
  2 shadows
  Sigmund (D:4)
  2 wraiths (D:10)
  A steam dragon (D:6)
  Edmund (D:6)
  A water moccasin (D:6)
  2 black bears (D:5)
  A crocodile (Sewer)
  An ogre (D:4)
  2 phantoms
  Blork the orc (D:4)
  A bullfrog (D:6)
  3 gnoll sergeants (D:10)
  A scorpion (D:5)
  A killer bee (D:10)
  A howler monkey (D:11)
  2 bombardier beetles
  3 hounds
  A jelly (D:5)
  2 orc priests (D:10)
  3 iron imps (D:6)
  An iguana (D:5)
  2 orc wizards
  5 adders
  5 gnolls (D:10)
  4 ribbon worms
  2 dart slugs
  12 orcs
  5 bats
  8 endoplasms
  3 giant cockroaches
  8 goblins
  10 hobgoblins
  14 jackals
  10 kobolds
  A quokka (D:5)
  9 ball pythons
  4 frilled lizards
  5 rats
  A butterfly (D:5)
144 creatures vanquished.

Vanquished Creatures (others)
  A slime creature (D:10)
  An orc (D:10)
2 creatures vanquished.

Grand Total: 146 creatures vanquished

Notes
Turn   | Place    | Note
-------+----------+-------------------------------------------
     0 | D:1      | MisterAzrael the Draconian Shapeshifter began the quest for
                  | the Orb.
     0 | D:1      | Reached XP level 1. HP: 16/16 MP: 1/1
   103 | D:1      | Reached XP level 2. HP: 19/23 MP: 2/2
   722 | D:2      | Reached XP level 3. HP: 28/29 MP: 3/3
  2043 | D:3      | Reached XP level 4. HP: 37/37 MP: 4/4
  2301 | D:4      | Noticed a phantom
  2310 | D:4      | Killed a phantom
  2311 | D:4      | Reached XP level 5. HP: 43/45 MP: 5/5
  2413 | D:4      | Noticed an ogre
  2422 | D:4      | Killed an ogre
  2423 | D:4      | Reached XP level 6. HP: 31/52 MP: 6/6
  2714 | D:4      | Noticed Sigmund
  2725 | D:4      | Killed Sigmund
  2726 | D:4      | Reached skill level 5 in Unarmed Combat
  2851 | D:4      | Noticed Blork the orc
  2861 | D:4      | Killed Blork the orc
  2862 | D:4      | Your scales start taking on a dull iron-grey colour.
  2862 | D:4      | Reached XP level 7. HP: 34/60 MP: 7/7
  3451 | D:5      | Entered Level 5 of the Dungeon
  3517 | D:5      | Reached skill level 5 in Fighting
  3517 | D:5      | Reached skill level 5 in Shapeshifting
  3721 | D:5      | Found a staircase to the Ecumenical Temple.
  3738 | Temple   | Entered the Ecumenical Temple
  3776 | Temple   | Became a worshipper of the Shining One
  3839 | D:5      | Found Lasos's Armour Shoppe.
  3867 | D:5      | Found Cip Daos's Armour Shoppe.
  3988 | D:5      | Found Murr's Antique Weapon Shop.
  4026 | D:6      | Noticed Edmund
  4039 | D:6      | Killed Edmund
  4040 | D:6      | Reached XP level 8. HP: 11/63 MP: 8/8
  4242 | D:6      | Found a burning altar of Makhleb.
  4312 | D:6      | Found Rieshu's Serpentskin Sales.
  4608 | D:6      | Found a glowing drain.
  4643 | Sewer    | Entered a sewer
  4922 | D:6      | Noticed Jeremiah
  4940 | D:6      | Killed Jeremiah
  5238 | D:7      | Found a runed translucent gate.
  5238 | D:7      | Found a runed translucent gate.
  5243 | D:7      | Found a runed translucent gate.
  5249 | D:7      | You fall into a shaft and drop 3 floors!
  5249 | D:10     | Entered Level 10 of the Dungeon
  5297 | D:10     | Reached XP level 9. HP: 79/79 MP: 9/9
  5321 | D:10     | Reached * piety under the Shining One
  5362 | D:11     | Noticed a gargoyle
  5362 | D:11     | Noticed a phantasmal warrior
  5362 | D:11     | Noticed an efreet
  5496 | D:10     | Noticed a centaur warrior
  5747 | D:10     | Killed a centaur warrior
  5748 | D:10     | Identified the ring "Lifynats" {EV+5 Stlth+}
  5748 | D:10     | Noticed an efreet
  5751 | D:10     | Killed from afar by an efreet

Illustrated notes

Levels and vault maps discovered:
D:1:      tekkud_arrival_beachfront_property, layout_basic
D:2:      layout_basic
D:3:      layout_basic, kennysheep_doodads
D:4:      layout_basic, grunt_ministairs_8, dk_noncrumbling_3,
          chequers_serial_rivers_micro_a, hangedman_abyss_or_decor_lesser_grid,
          uniq_sigmund, uniq_blork_the_orc
D:5:      layout_basic, minmay_temple_entry_butterflies, serial_shops,
          nicolae_shop_real_fake_doors, shop, shop
D:6:      layout_rooms, demons_altar, cheibrodos_sewer_entry_drain,
          guppyfry_shop_venom, uniq_edmund, uniq_jeremiah
D:7:      kennysheep_big_flooded_room, layout_cave_pools, gammafunk_ghost_icy
D:10:     minmay_the_grid_triangle_9x9_rhombus_thin_mashed
          [minmay_the_grid_triangle_9x9_longest,
          minmay_the_grid_triangle_9x9_prize_top_heavy,
          minmay_the_grid_triangle_9x9_stretched_checkered,
          minmay_the_grid_triangle_9x9_fully_insulated_deathbox],
          layout_gridville, david_orc_5, minmay_beelzebubs_servants
D:11:     minmay_curly_fans, layout_rooms, gammafunk_ghost_arena
Temple:   dpeg_five_rooms_temple

Skill      XL: |  1  2  3  4  5  6  7  8  9 |
---------------+----------------------------+-----
Dodging        | 2 |  2.0
Fighting       | 2 3 4 6 7 8 |  8.6
Unarmed Combat | 4 5 6 7 8 |  8.4
Shapeshifting  | 4 5 7 8 |  8.5

Action                     |  1- 3 |  4- 6 |  7- 9 || total
---------------------------+-------+-------+-------++-------
  Melee: Unarmed           |   118 |   104 |   280 ||   502
         Tailslap          |    12 |    10 |    46 ||    68
         Punch             |     2 |     1 |       ||     3
 Invoke: Divine Shield     |       |       |     1 ||     1
    Use: Potion            |       |     1 |     6 ||     7
         Scroll            |       |       |     1 ||     1
 Armour: Skin              |    68 |    73 |   208 ||   349
  Dodge: Dodged            |    65 |    67 |   245 ||   377
  Block: Other             |       |       |     6 ||     6
   Form: Flux              |       |       |     1 ||     1

Table legend: (Time is in decaauts)
 A = Elapsed time spent in this place.
 B = Non-inter-level travel time spent in this place.
 C = Inter-level travel time spent in this place.
 D = Time resting spent in this place.
 E = Time spent auto-exploring this place.
 F = Levels seen in this place.
 G = Mean time per level.
                   A        B        C        D        E       F      G
               +--------+--------+--------+--------+--------+-----+--------+
         Total |   5700 |   5494 |    206 |    705 |   3665 |  11 |  518.2 |
       Dungeon |   5465 |   5325 |    140 |    705 |   3575 |   9 |  607.2 |
        Temple |     71 |      5 |     66 |      0 |      0 |   1 |   71.0 |
         Sewer |    163 |    163 |      0 |      0 |     90 |   1 |  163.0 |
               +--------+--------+--------+--------+--------+-----+--------+

Top non-repeatable levels by time:
     D:2: 1223 daAuts
     D:4: 1160 daAuts
     D:6: 1024 daAuts
     D:3: 568 daAuts
     D:5: 496 daAuts
     D:1: 483 daAuts
    D:10: 296 daAuts
    D:11: 191 daAuts
   Sewer: 163 daAuts
  Temple: 71 daAuts
     D:7: 20 daAuts
